 Dungeon Crawl Stone Soup version 0.31-a0-986-g5e6e4ef867 (webtiles) character file.

Game seed: 12144579209043034061

30620 Jeffwins the Grappler (level 13, -12/104 HPs)
             Began as a Purple Draconian Shapeshifter on Nov 23, 2023.
             Was an Initiate of Gozag.
             Mangled by a komodo dragon (26 damage)
             ... on level 3 of the Lair of Beasts.
             The game lasted 00:40:19 (17613 turns).

Jeffwins the Grappler (DrSh)                       Turns: 17613, Time: 00:40:20

Health: -12/104    AC: 12    Str: 16    XL:     13   Next: 21%
Magic:  16/21      EV: 14    Int: 15    God:    Gozag
Gold:   1234       SH:  0    Dex: 12    Spells: 7/23 levels left

rFire   . .          .
                       - Unarmed
rCold   . . .        (shield currently unavailable)
rNeg    . . .        (body armour unavailable)
rPois   +            (helmet restricted)
rElec   .            E - +0 cloak
rCorr   .            q - +0 pair of gloves
SInv    .            g - +1 pair of boots
Will    ++...        p - amulet of the acrobat
Stlth   +            f - ring of the Mage {Wiz Archmagi}
HPRegen 0.37/turn    P - ring of poison resistance
MPRegen 0.17/turn

%: acrobat, wizardry (x1), archmagi
@: flux-form, frozen, enlightened, flying, glowing, very slow
A: glow, contaminating, breathe power, AC +8, unfitting armour, cold-blooded
a: Breathe Dispelling Energy, Begin Untransformation, Renounce Religion, Potion
Petition, Call Merchant, Bribe Branch


You were on level 3 of the Lair of Beasts.
You worshipped Gozag.
Gozag was most pleased with you.
You were something dangerously unstable.
You visited 2 branches of the dungeon, and saw 14 of its levels.

You collected 3302 gold pieces.
You spent 1995 gold pieces at shops.
You paid 73 gold pieces to Gozag.


Innate Abilities, Weirdness & Mutations

You are something dangerously unstable.
You glow with magical radiation, making you easy to see and hit.
Foes you strike become dangerously contaminated with magical radiation.
You are incapable of wielding weapons or throwing items.
You can breathe bolts of dispelling energy.
Your rich purple scales are hard. (AC +8)
You cannot fit into any form of body armour.
You are cold-blooded and may be slowed by cold attacks.


   Skills:
 + Level 6.6 Fighting
 + Level 5.2 Throwing
 + Level 5.7 Dodging
 - Level 5.0 Stealth
 * Level 9.2 Unarmed Combat
 + Level 5.5 Spellcasting
 * Level 6.2 Hexes
 * Level 8.2 Summonings
 * Level 5.6 Necromancy
 * Level 4.8 Translocations
 + Level 5.2 Transmutations
 + Level 6.0 Evocations
 * Level 8.4 Shapeshifting


You had 7 spell levels left.
You knew the following spells:

 Your Spells              Type           Power      Damage    Failure   Level
f - Summon Forest         Summ/Tloc      17%        N/A       12%         5
v - Summon Mana Viper     Hex/Summ       38%        N/A       9%          5
x - Wereblood             Tmut           30%        N/A       1%          2
X - Anguish               Hex/Necr       16%        N/A       6%          4

Your spell library contained the following spells:

 Spells                   Type           Power      Damage    Failure   Level
 Kiss of Death            Conj/Necr      72%        2d10      1%          1
 Slow                     Hex            100%       N/A       1%          1
 Jinxbite                 Hex            68%        N/A       1%          2
 Sublimation of Blood     Necr           31%        N/A       1%          2
 Confusing Touch          Hex            34%        N/A       1%          3
 Sigil of Binding         Hex            34%        N/A       1%          3
 Vampiric Draining        Necr           31%        2d8       1%          3
 Ensorcelled Hibernation  Hex/Ice        40%        N/A       2%          2
 Dispel Undead            Necr           31%        3d14      6%          4
 Static Discharge         Conj/Air       12%        3-4/arc   10%         2
 Summon Ice Beast         Ice/Summ       24%        N/A       12%         4
 Summon Lightning Spire   Summ/Air       24%        N/A       12%         4
 Frozen Ramparts          Ice            12%        1d2       19%         3
 Hailstorm                Conj/Ice       6%         3d4       19%         3
 Petrify                  Tmut/Erth      18%        N/A       21%         4
 Vhi's Electric Charge    Tloc/Air       34%        N/A       22%         4
 Summon Cactus Giant      Summ           21%        N/A       32%         6
 Metabolic Englaciation   Hex/Ice        10%        N/A       41%         5
 Airstrike                Air            3%         2d(1-17)  50%         4
 Arcjolt                  Conj/Air       3%         1d13      83%         5
 Summon Hydra             Summ           21%        N/A       85%         7
 Malign Gateway           Summ/Tloc      17%        N/A       96%         7
 Maxwell's Capacitive Co  Air            3%         ∞         100%        8
 Summon Horrible Things   Summ           21%        N/A       100%        8
 Simulacrum               Ice/Necr       Unusable   N/A       N/A         6

Inventory:

Hand Weapons
 H - the +5 falchion of Dothemudgh {drain, rF+ Will+ Stlth+}
   (You found it on level 9 of the Dungeon)

   rF+:       It protects you from fire.
   Will+:     It increases your willpower.
   Stlth+:    It makes you more stealthy.
Missiles
 h - 31 poisoned darts (quivered)
 i - 5 javelins
 J - 2 curare-tipped darts {=f}
Armour
 g - a +1 pair of boots (worn)
 q - a +0 pair of gloves (worn)
 E - a +0 cloak (worn)
Jewellery
 f - the ring of the Mage (left hand) {Wiz Archmagi}
   (You bought it in a shop on level 10 of the Dungeon)

   [ring of wizardry]

   Wiz:       It improves your spell success rate.
   Archmagi:  It increases the power of your magical spells.
 p - an amulet of the acrobat (around neck)
 N - a ring of positive energy
 P - a ring of poison resistance (right hand)
 W - a ring of magical power
 Z - a ring of wizardry
Talismans
 b - a beast talisman
 c - a flux talisman (active)
 A - a maw talisman
Wands
 r - a wand of flame (3)
 u - a wand of polymorph (18)
 w - a wand of mindburst (3)
 B - a wand of charming (24)
Scrolls
 l - 5 scrolls of immolation {!r}
 m - a scroll of teleportation {@r4}
 s - a scroll of summoning
 t - a scroll of enchant armour
 v - 9 scrolls of fog
 x - a scroll of poison {!r}
 y - a scroll of blinking
 K - 2 scrolls of torment {!r}
 L - a scroll of silence {!r}
Potions
 a - 3 potions of lignification {!q}
 d - 4 potions of magic
 e - 4 potions of invisibility
 j - 3 potions of attraction {!q}
 k - 3 potions of mutation {!q}
 o - 4 potions of might
 z - 2 potions of haste {@q3}
 D - a potion of curing {@q1}
 G - a potion of cancellation

Dungeon Overview and Level Annotations

Branches:
Dungeon (11/15)            Temple (0/1) D:7            Lair (3/5) D:9
  Swamp (0/4) Lair:3        Snake (0/4) Lair:2          Orc (0/2) D:9

Altars:
Ashenzari
Dithmenos
Fedhas
Gozag
Kikubaaqudgha
Makhleb
Qazlal
Ru
Trog
Uskayaw
Xom
Yredelemnul
The Shining One

Shops:
D:2 (   D:5 !   D:8 *[* D:10

= *#.....♣♣Y#######
#.....♣≈≈≈######
#....≈§§♣≈♣#####
##..♣≈§§§§≈#≈###
*#..≈≈§≈§≈≈≈####
*...≈≈~§§~~#####
*#..≈≈§§§≈§.####
##..♣§§≈~♣l.### *
*.#.♣≈≈♣♣Sp.# *** **
**##≈♣≈*♣...#***,* ***
**,
##.≈♣....#*,,,***,**
*,,
#.......#**,,,,,*,*
**,
*#.......,,,,,,,***
*,,
####...k.,,,,^,,,***,,
*,......,,,,,,,,,,,,,
**##.....,,,,,,,,,,,,
**,,,,,,,,,,,,,,,,


You could see a komodo dragon (ally target), a rime drake (catching breath) and
a friendly mana viper (summoned).


Message History

You feel less invigorated.
You feel less confused.
The komodo dragon completely misses you.
Unknown command.
The komodo dragon barely misses you. The komodo dragon misses you.
The komodo dragon hisses menacingly.
The komodo dragon closely misses you.
The komodo dragon attacks as it pursues you!
The komodo dragon completely misses you.
A rime drake comes into view.
Casting: Summon Mana Viper (dangerous; 9% risk of failure)
Confirm with . or Enter, or press ? or * to list all spells.
You feel a surge of power!
A mana viper appears with a sibilant hiss.
The rime drake hisses angrily.
The komodo dragon bites you!!
* * * LOW HITPOINT WARNING * * *
The rime drake breathes ice at you. The icy flash freeze hits you!!
* * * LOW HITPOINT WARNING * * *
You are encased in ice.
Okay, then.
You feel better. The komodo dragon misses you.
Aiming: Mindburst
Press: ? - help, Shift-Dir - straight line, f - komodo dragon
Aim: a komodo dragon (ally target, chance to affect: 71%)
The komodo dragon's mind is blasted!!
The komodo dragon bites you!!
You die...
Your body crumbles into a pile of gold.

Skill      XL: |  1  2  3  4  5  6  7  8  9 10 11 12 13 |
---------------+----------------------------------------+-----
Dodging        | 2 3 4 5 |  5.7
Stealth        | 1 2 3 4 5 |  5.0
Fighting       | 2 3 4 5 6 |  6.6
Throwing       | 1 2 3 4 5 |  5.2
Unarmed Combat | 4 5 6 7 8 9 |  9.2
Summonings     | 1 2 3 5 6 7 8 |  8.2
Transmutations | 1 2 3 4 5 |  5.2
Evocations     | 1 2 3 4 5 6 |  6.0
Shapeshifting  | 4 5 6 7 8 |  8.4
Spellcasting   | 1 2 3 4 5 |  5.5
Hexes          | 2 4 5 6 |  6.2
Necromancy     | 1 3 5 |  5.6
Translocations | 2 4 |  4.8

Action                     |  1- 3 |  4- 6 |  7- 9 | 10-12 | 13-15 || total
---------------------------+-------+-------+-------+-------+-------++-------
  Melee: Unarmed           |    86 |   144 |   419 |   717 |    85 ||  1451
         Tailslap          |     9 |    21 |    76 |   132 |    13 ||   251
         Punch             |     1 |       |       |     1 |       ||     2
  Throw: Dart              |     4 |       |       |     8 |       ||    12
   Cast: Wereblood         |       |       |     1 |       |       ||     1
         Anguish           |       |       |       |    10 |     1 ||    11
         Summon Mana Viper |       |       |       |    10 |     8 ||    18
         Summon Forest     |       |       |       |     7 |     4 ||    11
Ability: Breathe Dispellin |       |       |     8 |     7 |       ||    15
  Evoke: Wand              |       |       |    11 |     6 |     2 ||    19
    Use: Scroll            |       |     5 |     6 |    17 |     2 ||    30
         Potion            |       |       |     5 |     5 |     3 ||    13
   Stab: Sleeping          |     2 |     1 |       |     1 |       ||     4
         Distracted        |       |       |     1 |     3 |       ||     4
         Betrayed ally     |       |       |       |     1 |       ||     1
 Armour: Skin              |    40 |    60 |   299 |   605 |    70 ||  1074
  Dodge: Dodged            |    66 |    83 |   271 |   486 |    90 ||   996
   Form: Flux              |       |     1 |       |     1 |       ||     2
         Beast             |       |       |       |     1 |       ||     1

Levels and vault maps discovered:
D:1:      minmay_arrival_split_and_join, layout_basic,
          amcnicky_mini_rare_corridor_liquid, bh_walls_and_bars
D:2:      layout_loops_cross, basic_altar, serial_shops,
          nicolae_shop_bloodbath_and_beyond, uniq_jessica
D:3:      layout_rooms, nicolae_qazlal_style_of_elements,
          mainiacjoe_overflow_six_doors_small, mainiacjoe_overflow_24_doors,
          minmay_ruptured, uniq_natasha, uniq_sigmund
D:4:      layout_basic, old_standard_altar
D:5:      layout_cave_pools, serial_shops, shop, cheibrodos_gnoll_hut
D:6:      layout_rooms, tso_altar, xom_confusion_cloud, minmay_fountain_box,
          uniq_grinder
D:7:      layout_cave_pods, minmay_temple_entry_tees, minmay_checkerbox,
          uniq_crazy_yiuf_cottage
D:8:      layout_rooms, lemuel_zombie_altar_kikubaaqudgha,
          nicolae_shop_distant_corner_stores, nicolae_water_bricks,
          kennysheep_generic_room_8, uniq_psyche, uniq_amaemon
D:9:      layout_long_grid, bloody_trog, nicolae_ashenzari_skybound,
          grunt_lair_entry_orc_guard_hut, orc_0_dummy
D:10:     layout_basic, lemuel_doored_altar, hangedman_ru_absence,
          nicolae_dithmenos_the_darkroom, kennysheep_little_box, serial_shops,
          kennysheep_mini, water_boxes_lemuel
D:11:     cheibrodos_steamvent, layout_loops_ring, nicolae_neqoxec_dot_bat
Lair:1:   layout_hall_layers, portal_ice_cave_entry_pillars_2,
          cheibrodos_lair_reptile_den, grunt_megastairs_4
Lair:2:   layout_roguey, minmay_snake_entry_guardpost_medium, grunt_megastairs_2
Lair:3:   layout_cave_shapes, swamp_mist_pool

Notes
Turn   | Place    | Note
-------+----------+-------------------------------------------
     0 | D:1      | Jeffwins the Draconian Shapeshifter began the quest for the
                  | Orb.
     0 | D:1      | Reached XP level 1. HP: 16/16 MP: 1/1
   126 | D:1      | Reached XP level 2. HP: 13/23 MP: 2/2
   248 | D:1      | Reached skill level 2 in Dodging
   811 | D:2      | Found Oschai Woul's Weapon Shoppe.
   840 | D:2      | Bought 6 poisoned darts for 39 gold pieces
   885 | D:2      | Reached XP level 3. HP: 28/28 MP: 3/3
   938 | D:2      | Noticed Jessica
   944 | D:2      | Killed Jessica
  1217 | D:2      | Found a broken altar of Ashenzari.
  1227 | D:2      | Reached skill level 1 in Stealth
  1240 | D:2      | Reached skill level 2 in Fighting
  1240 | D:2      | Reached XP level 4. HP: 31/36 MP: 4/4
  1265 | D:2      | Learned a level 2 spell: Wereblood
  1467 | D:3      | Found a blossoming altar of Fedhas.
  1580 | D:3      | Found a basalt altar of Yredelemnul.
  1615 | D:3      | Noticed Natasha
  1629 | D:3      | Killed Natasha
  1630 | D:3      | Reached XP level 5. HP: 26/41 MP: 5/5
  1652 | D:3      | Noticed Natasha
  1660 | D:3      | Killed Natasha
  1661 | D:3      | Reached skill level 1 in Throwing
  1718 | D:3      | Noticed Natasha
  1727 | D:3      | Killed Natasha
  1728 | D:3      | Reached skill level 4 in Unarmed Combat
  2047 | D:3      | Found a stormy altar of Qazlal.
  2049 | D:3      | Noticed a fire elemental
  2049 | D:3      | Noticed a water elemental
  2049 | D:3      | Noticed an air elemental
  2127 | D:3      | Noticed Sigmund
  2147 | D:3      | Killed Sigmund
  2148 | D:3      | Reached skill level 1 in Summonings
  2148 | D:3      | Reached skill level 1 in Transmutations
  2148 | D:3      | Reached skill level 1 in Evocations
  2148 | D:3      | Reached skill level 4 in Shapeshifting
  2148 | D:3      | Reached XP level 6. HP: 33/50 MP: 6/6
  2437 | D:4      | Reached skill level 2 in Stealth
  2437 | D:4      | Your scales start taking on a rich purple colour.
  2437 | D:4      | Reached XP level 7. HP: 40/56 MP: 7/7
  2459 | D:4      | Found an opulent altar of Gozag.
  2499 | D:4      | Became a worshipper of Gozag Ym Sagoz the Greedy
  2781 | D:5      | Entered Level 5 of the Dungeon
  2817 | D:5      | Reached skill level 2 in Summonings
  3007 | D:5      | Reached skill level 3 in Fighting
  3013 | D:5      | Reached skill level 2 in Throwing
  3013 | D:5      | Reached skill level 3 in Dodging
  3013 | D:5      | Reached skill level 2 in Evocations
  3016 | D:5      | Found Urasi's Distillery.
  3226 | D:5      | Reached skill level 5 in Unarmed Combat
  3251 | D:5      | Reached skill level 1 in Spellcasting
  3251 | D:5      | Reached skill level 2 in Transmutations
  3284 | D:5      | Reached XP level 8. HP: 46/63 MP: 9/9
  3486 | D:5      | Bought a potion of heal wounds for 70 gold pieces
  3486 | D:5      | Bought a potion of mutation for 112 gold pieces
  3486 | D:5      | Bought a potion of might for 56 gold pieces
  3486 | D:5      | Bought a potion of curing for 42 gold pieces
  3733 | D:5      | Reached skill level 3 in Summonings
  3890 | D:6      | Found a shimmering altar of Xom.
  3917 | D:6      | Reached skill level 5 in Shapeshifting
  4061 | D:6      | Reached skill level 2 in Spellcasting
  4083 | D:6      | Reached skill level 3 in Stealth
  4191 | D:6      | Noticed Grinder
  4196 | D:6      | Reached skill level 3 in Evocations
  4224 | D:6      | Reached skill level 4 in Fighting
  4224 | D:6      | Reached XP level 9. HP: 40/71 MP: 12/12
  4233 | D:6      | Reached skill level 4 in Summonings
  4496 | D:6      | Paralysed by Grinder for 3 turns
  4497 | D:6      | Reached skill level 6 in Unarmed Combat
  4674 | D:6      | Killed Grinder
  4675 | D:6      | Reached skill level 3 in Throwing
  4787 | D:6      | Found a glowing golden altar of the Shining One.
  4828 | D:6      | Reached skill level 3 in Transmutations
  5212 | D:7      | Found a staircase to the Ecumenical Temple.
  5354 | D:7      | Found a runed translucent door.
  5355 | D:7      | Noticed Crazy Yiuf
  5763 | D:7      | Reached skill level 6 in Shapeshifting
  5821 | D:7      | Reached skill level 4 in Dodging
  5851 | D:7      | Reached skill level 3 in Spellcasting
  6157 | D:7      | You fall into a shaft and drop 1 floor!
  6200 | D:8      | Reached skill level 5 in Summonings
  6223 | D:8      | Noticed Psyche
  6295 | D:8      | Killed Psyche
  6368 | D:8      | Noticed an orange demon
  6372 | D:8      | Noticed Amaemon
  6374 | D:8      | HP: 6/66 [acid dragon/splash of acid (11)]
  6462 | D:8      | Found Xetein's Antique Armour Emporium.
  6465 | D:8      | Found Xuddonah's General Store.
  6465 | D:8      | Found Agemat's General Store.
  6498 | D:8      | Reached XP level 10. HP: 44/78 MP: 14/14
  6591 | D:8      | Killed Amaemon
  6597 | D:8      | HP: 8/120 [orange demon[Amaemon] (5)]
  6600 | D:8      | Killed an orange demon
  6601 | D:8      | Reached skill level 7 in Unarmed Combat
  6601 | D:8      | Reached skill level 4 in Evocations
  6611 | D:8      | HP: 11/120 [wyvern (2)]
  7123 | D:8      | Found an ancient bone altar of Kikubaaqudgha.
  7181 | D:8      | Reached skill level 5 in Fighting
  7240 | D:8      | Reached skill level 4 in Stealth
  7959 | D:7      | Killed Crazy Yiuf
  7994 | D:8      | Bought a scroll of blinking for 112 gold pieces
  7994 | D:8      | Bought a potion of haste for 150 gold pieces
  7994 | D:8      | Bought a scroll of revelation for 112 gold pieces
  7994 | D:8      | Bought a book of Dreams for 330 gold pieces
  7994 | D:8      | Bought a potion of cancellation for 120 gold pieces
  7999 | D:8      | Learned a level 4 spell: Anguish
  8573 | D:9      | Reached skill level 1 in Hexes
  8650 | D:9      | Identified the +5 falchion of Dothemudgh {drain, rF+ Will+
                  | Stlth+}
  8699 | D:9      | Reached skill level 6 in Summonings
  8699 | D:9      | Reached skill level 1 in Necromancy
  8812 | D:9      | Noticed a two-headed ogre
  8812 | D:9      | Noticed a two-headed ogre
  8859 | D:9      | Killed a two-headed ogre
  8860 | D:9      | Reached skill level 4 in Throwing
  8983 | D:9      | Reached skill level 4 in Transmutations
  9015 | D:9      | Killed a two-headed ogre
  9016 | D:9      | Reached skill level 4 in Spellcasting
  9016 | D:9      | Reached skill level 2 in Hexes
  9156 | D:9      | HP: 8/80 [centaur/arrow (11)]
  9157 | D:9      | Reached XP level 11. HP: 9/88 MP: 17/17
  9415 | D:8      | Reached skill level 2 in Necromancy
  9415 | D:8      | Reached skill level 7 in Shapeshifting
  9593 | D:9      | Found a bloodstained altar of Trog.
  9612 | D:9      | Found a staircase to the Orcish Mines.
  9630 | D:9      | Found a broken altar of Ashenzari.
 10179 | D:9      | Learned a level 5 spell: Summon Mana Viper
 10185 | D:9      | Learned a level 5 spell: Summon Forest
 10273 | D:9      | Found a staircase to the Lair.
 10389 | D:10     | Entered Level 10 of the Dungeon
 10473 | D:10     | Found a shadowy altar of Dithmenos.
 10499 | D:10     | Found a burning altar of Makhleb.
 10648 | D:10     | Found Seanih's Jewellery Boutique.
 10844 | D:10     | Reached skill level 1 in Translocations
 11076 | D:10     | Reached skill level 3 in Hexes
 11190 | D:10     | Found a hide-covered altar of Uskayaw.
 11773 | D:10     | Found a sacrificial altar of Ru.
 12106 | D:11     | Reached skill level 3 in Necromancy
 12114 | D:11     | Reached skill level 2 in Translocations
 12313 | D:11     | Reached skill level 8 in Unarmed Combat
 12425 | D:11     | Reached skill level 5 in Dodging
 12425 | D:11     | Reached skill level 5 in Evocations
 12499 | D:11     | Reached skill level 4 in Hexes
 12745 | D:11     | Reached skill level 7 in Summonings
 13641 | D:10     | Bought the ring of the Mage {Wiz Archmagi} for 612 gold
                  | pieces
 13641 | D:10     | Found the ring of the Mage {Wiz Archmagi}
 13641 | D:10     | Bought a ring of poison resistance for 240 gold pieces
 13812 | IceCv    | Identified the "Nupom"
 13812 | Lair:1   | Entered Level 1 of the Lair of Beasts
 13831 | Lair:1   | Reached XP level 12. HP: 64/95 MP: 15/19
 13844 | Lair:1   | Reached skill level 5 in Stealth
 13976 | Lair:1   | Reached skill level 6 in Fighting
 14187 | Lair:1   | Reached skill level 4 in Necromancy
 14187 | Lair:1   | Reached skill level 3 in Translocations
 14428 | Lair:1   | Reached skill level 5 in Spellcasting
 14465 | Lair:1   | Noticed a boulder beetle
 14477 | Lair:1   | Killed a boulder beetle
 14568 | Lair:1   | Found a frozen archway.
 14964 | Lair:1   | Reached skill level 5 in Hexes
 15392 | Lair:2   | Reached skill level 8 in Shapeshifting
 15392 | Lair:2   | Noticed a death yak
 15687 | Lair:2   | Reached skill level 5 in Throwing
 15687 | Lair:2   | Reached skill level 5 in Transmutations
 15857 | Lair:2   | Found a staircase to the Snake Pit.
 15875 | Lair:2   | Reached skill level 4 in Translocations
 15889 | Lair:2   | Reached skill level 5 in Necromancy
 16480 | Lair:2   | Noticed a catoblepas
 16497 | Lair:2   | Killed a catoblepas
 16498 | Lair:2   | Reached skill level 8 in Summonings
 16498 | Lair:2   | Killed a death yak
 16499 | Lair:2   | Reached skill level 9 in Unarmed Combat
 16582 | Lair:2   | Reached XP level 13. HP: 103/103 MP: 21/21
 16779 | Lair:2   | Reached skill level 6 in Hexes
 17480 | Lair:2   | Reached skill level 6 in Evocations
 17592 | Lair:3   | Found a staircase to the Swamp.
 17611 | Lair:3   | HP: 7/104 [rime drake/icy flash freeze (20)]
 17613 | Lair:3   | Mangled by a komodo dragon

Vanquished Creatures
  A catoblepas (Lair:2)
  2 two-headed ogres (D:9)
  A boulder beetle (Lair:1)
  Amaemon (D:8)
  An elephant (D:9)
  2 orange demons
  9 cane toads
  Psyche (D:8)
  2 unseen horrors
  A rime drake (Lair:3)
  3 komodo dragons
  2 kobold demonologists
  A troll (D:11)
  Grinder (D:6)
  A hornet (D:10)
  7 blink frogs (Lair:2)
  Sigmund (D:3)
  2 shadows
  5 wyverns
  A wraith (D:10)
  A basilisk (Lair:2)
  16 yaks
  3 steam dragons
  2 acid dragons
  12 water moccasins
  3 orc warriors
  A sky beast (D:6)
  4 black bears
  3 ice beasts
  3 wolves (Lair:1)
  3 centaurs
  A phantom (D:5)
  2 kobold brigands
  10 bullfrogs
  A gnoll sergeant (D:7)
  7 scorpions
  A wight (D:8)
  22 killer bees
  3 electric eels
  2 howler monkeys
  6 hounds
  2 jellies
  3 orc priests
  2 sleepcaps
  Crazy Yiuf (D:7)
  2 gnoll boudas
  Jessica (D:2)
  12 orc wizards
  Natasha (thrice) (D:3)
  4 iguanas
  10 gnolls
  7 adders
  2 shadow imps
  3 white imps
  2 ufetubi (D:4)
  A worm (D:3)
  A dart slug (D:4)
  34 orcs
  2 bat zombies (D:8)
  7 endoplasms
  4 giant cockroaches
  4 goblins
  9 hobgoblins
  3 jackals (D:1)
  15 kobolds
  A quokka (D:1)
  9 ball pythons
  5 bats (D:1)
  2 frilled lizards (D:3)
  6 rats
  2 rat zombies (D:8)
310 creatures vanquished.

Vanquished Creatures (collateral kills)
  A hydra (Lair:2)
  2 death yaks (Lair:2)
  A torpor snail (Lair:2)
  A rust devil (D:11)
  3 cane toads
  An ice devil (D:11)
  A red devil (D:11)
  11 blink frogs (Lair:2)
  5 yaks
  A basilisk (Lair:1)
  A chaos spawn (D:11)
  2 neqoxecs (D:11)
  4 nagas (Lair:2)
  3 water moccasins
  12 wolves
  2 bullfrogs (Lair:2)
  An adder (Lair:1)
52 creatures vanquished.

Vanquished Creatures (others)
  A komodo dragon (Lair:2)
  A centaur (D:9)
  A scorpion (D:6)
  An orc wizard (D:6)
  An orc (D:6)
5 creatures vanquished.

Grand Total: 367 creatures vanquished

Table legend: (Time is in decaauts)
 A = Elapsed time spent in this place.
 B = Non-inter-level travel time spent in this place.
 C = Inter-level travel time spent in this place.
 D = Time resting spent in this place.
 E = Time spent auto-exploring this place.
 F = Levels seen in this place.
 G = Mean time per level.
                   A        B        C        D        E       F      G
               +--------+--------+--------+--------+--------+-----+--------+
         Total |  17498 |  16749 |    749 |   2974 |  10405 |  14 | 1249.9 |
       Dungeon |  13726 |  13145 |    581 |   2438 |   7958 |  11 | 1247.8 |
          Lair |   3772 |   3604 |    168 |    536 |   2447 |   3 | 1257.3 |
               +--------+--------+--------+--------+--------+-----+--------+

Top non-repeatable levels by time:
  Lair:2: 2175 daAuts
     D:8: 2066 daAuts
     D:9: 1903 daAuts
    D:11: 1636 daAuts
    D:10: 1628 daAuts
  Lair:1: 1541 daAuts
     D:7: 1509 daAuts
     D:5: 1194 daAuts
     D:6: 834 daAuts
     D:1: 807 daAuts
     D:4: 792 daAuts
     D:3: 719 daAuts
     D:2: 632 daAuts
  Lair:3: 56 daAuts

Table legend:
 A = Non-vault XP
 B = Vault XP
 C = Vault XP percentage of total XP
 D = Non-vault monster count
 E = Vault monster count
 F = Vault count percentage of total count
                 A         B        C        D         E       F
            +---------+---------+-------+---------+---------+-------
      Total |   34817 |    8927 |  20.4 |     306 |      59 |  16.2
            +---------+---------+-------+---------+---------+-------
        D:1 |      34 |       0 |   0.0 |      19 |       0 |   0.0
        D:2 |      37 |      37 |  50.0 |      16 |       1 |   5.9
        D:3 |     141 |     268 |  65.5 |      20 |       3 |  13.0
        D:4 |     350 |       0 |   0.0 |      16 |       0 |   0.0
        D:5 |     783 |     102 |  11.5 |      16 |       3 |  15.8
        D:6 |    1422 |     598 |  29.6 |      25 |       8 |  24.2
        D:7 |     913 |     140 |  13.3 |      17 |       5 |  22.7
        D:8 |    1803 |    1697 |  48.5 |      25 |       9 |  26.5
        D:9 |    3163 |    1327 |  29.6 |      27 |       6 |  18.2
       D:10 |    1901 |       0 |   0.0 |      19 |       0 |   0.0
       D:11 |    4384 |    2418 |  35.5 |      30 |       9 |  23.1
     Lair:1 |    5840 |    1194 |  17.0 |      24 |       9 |  27.3
     Lair:2 |   13483 |    1146 |   7.8 |      50 |       6 |  10.7
     Lair:3 |     563 |       0 |   0.0 |       2 |       0 |   0.0
            +---------+---------+-------+---------+---------+-------
